 Dungeon Crawl Stone Soup version 0.29.1-14-g9c671dbff4 (webtiles) character file.

Game seed: 17028726860231300417

105 protoss039 the Digger (level 4, -1/33 HPs)
             Began as a Demonspawn Earth Elementalist on Feb 18, 2023.
             Slain by Pikel
             ... wielding a +0 whip of flaming
              (3 damage)
             ... on level 3 of the Dungeon.
             The game lasted 00:03:43 (3401 turns).

protoss039 the Digger (DsEE)                        Turns: 3401, Time: 00:03:43

Health: -1/33      AC: 12    Str:  8    XL:     4   Next: 54%
Magic:  1/8        EV: 12    Int: 18    God:
Gold:   131        SH:  0    Dex: 14    Spells: 3/9 levels left

rFire   . . .      SeeInvis .   d - +0 dagger
rCold   . . .      Faith    .   (no shield)
rNeg    . . .      Spirit   .   a - +0 robe
rPois   .          Reflect  .   l - +0 helmet
rElec   .          Harm     .   (no cloak)
rCorr   .          Rampage  .   (no gloves)
Will    .....                   (no boots)
Stlth   ++........              (no amulet)
HPRegen 0.11/turn               (no ring)
MPRegen 0.11/turn               (no ring)

@: sanguine armoured
A: sanguine armour 2
a: no special abilities


You were on level 3 of the Dungeon.
You visited 1 branch of the dungeon, and saw 4 of its levels.

You collected 131 gold pieces.

Inventory:

Hand Weapons
 d - a +0 dagger (weapon)
Armour
 a - a +0 robe (worn)
 l - a +0 helmet (worn)
Magical Staves
 f - a staff of air
Jewellery
 j - a ring of ice
Scrolls
 c - a scroll of poison {unknown}
 e - a scroll of identify
 h - a scroll of teleportation {unknown}
 i - a scroll of noise {unknown}
 m - a scroll of summoning {unknown}
 n - 2 scrolls of brand weapon
 r - a scroll of magic mapping
Potions
 b - a potion of magic
 k - 2 potions of degeneration
 o - a potion of cancellation {unknown}
 p - a potion of haste {unknown}


   Skills:
 + Level 2.2 Fighting
 - Level 1.7 Dodging
 - Level 1.7 Stealth
 + Level 3.0 Spellcasting
 + Level 0.1 Conjurations
 - Level 0.8 Transmutations
 + Level 3.5 Earth Magic


You had 3 spell levels left.
You knew the following spells:

 Your Spells              Type           Power      Damage    Failure   Level
a - Sandblast             Erth           30%        2d9       3%          1
b - Passwall              Tmut/Erth      8%         N/A       10%         2
c - Stone Arrow           Conj/Erth      18%        3d8       22%         3

Your spell library contained the following spells:

 Spells                   Type           Power      Damage    Failure   Level
 Summon Small Mammal      Summ           8%         N/A       16%         1
 Call Canine Familiar     Summ           2%         N/A       43%         3
 Summon Guardian Golem    Hex/Summ       2%         N/A       43%         3
 Petrify                  Tmut/Erth      10%        N/A       54%         4
 Passage of Golubria      Tloc           2%         N/A       85%         4
 Silence                  Hex/Air        1%         N/A       99%         5
 Lehudib's Crystal Spear  Conj/Erth      4%         10d3      100%        8


Dungeon Overview and Level Annotations

Branches:
Dungeon (4/15) Zot: 20552
 Temple: D:4-7

Altars:
Trog

Annotations:
D:2 1 runed translucent door, Crazy Yiuf
D:3 Pikel
D:4 Eustachio, Natasha


Innate Abilities, Weirdness & Mutations

When seriously injured, your blood forms thick armour. (AC +9)


Message History

Casting: Sandblast (safe; 3% risk of failure)
Confirm with . or Enter, or press ? or * to list all spells.
Aiming: Sandblast (safe; 3% risk of failure)
Press: ? - help, Shift-Dir - straight line, f/p - lemure
Aim: a lemure (moderately wounded, 77% to hit)
The blast of sand misses Pikel.
The blast of sand hits the lemure!
The lemure is heavily wounded.
Pikel hits you with a +0 whip of flaming.
Pikel burns you.
Casting: Sandblast (safe; 3% risk of failure)
Confirm with . or Enter, or press ? or * to list all spells.
Aiming: Sandblast (safe; 3% risk of failure)
Press: ? - help, Shift-Dir - straight line, f/p - lemure
Aim: a lemure (heavily wounded, 77% to hit)
The blast of sand hits Pikel but does no damage.
Pikel is heavily wounded.
Pikel hits you with a +0 whip of flaming.
Your blood congeals into armour.
Pikel burns you.
Pikel hits you with a +0 whip of flaming.
Pikel burns you.
Unknown command.
You hit Pikel.
Pikel is heavily wounded.
Pikel zaps a wand.
You suddenly lose the ability to move!
Pikel hits you with a +0 whip of flaming.
Pikel burns you. Pikel hits you but does no damage.
Pikel hits you with a +0 whip of flaming!
* * * LOW HITPOINT WARNING * * *
Pikel burns you.
* * * LOW HITPOINT WARNING * * *
Pikel hits you but does no damage.
You can move again.
Unknown command.
As you read the scroll labelled ZEEMET WEXIOMM, it crumbles to dust.
It is a scroll of amnesia.
Really abort (and waste the scroll)?
Okay, then.
Pikel hits you with a +0 whip of flaming.
You die...

#...........# #..####.#.....#
##.........## #..# #.......#
#..........# #..# ##.######
##..........####..#####.##
....................<....#
##...........###..########
###### #...........# #..#
#...## ##..........# #..#
#...##
#.....>..>.###@.##########.....
#....)......5K...............##
##..........##############...#
##........### #...#
#..........# ##### #..........#
#..<.......# #..........#
#..........#


You could see Pikel and a lemure.

Vanquished Creatures
  5 adders
  The ghost of yegreS the Digger, a weakling MeEE (D:3)
  A dart slug (D:1)
  An orc (D:3)
  4 endoplasms
  5 giant cockroaches
  4 hobgoblins
  3 jackals
  3 quokkas
  5 ball pythons
  4 bats
  6 frilled lizards
  2 goblins
  5 kobolds
  10 rats
59 creatures vanquished.

Notes
Turn   | Place    | Note
-------+----------+-------------------------------------------
     0 | D:1      | protoss039 the Demonspawn Earth Elementalist began the
                  | quest for the Orb.
     0 | D:1      | Reached XP level 1. HP: 13/13 MP: 3/3
   330 | D:1      | Gained mutation: When seriously injured, your blood forms
                  | armour. (AC +9) [demonic ancestry]
   330 | D:1      | Reached XP level 2. HP: 20/20 MP: 3/5
   506 | D:1      | Reached skill level 1 in Fighting
  1073 | D:1      | Learned a level 2 spell: Passwall
  1099 | D:1      | Reached XP level 3. HP: 21/26 MP: 2/6
  1537 | D:2      | Found a bloodstained altar of Trog.
  1745 | D:2      | Found a faded altar of an unknown god.
  2337 | D:2      | Found a runed translucent door.
  2338 | D:2      | Noticed Crazy Yiuf
  2620 | D:3      | Gained mutation: When seriously injured, your blood forms
                  | thick armour. (AC +9) [demonic ancestry]
  2620 | D:3      | Reached XP level 4. HP: 33/33 MP: 5/8
  2704 | D:3      | Found a runed translucent door.
  2710 | D:3      | Noticed yegreS's ghost (weakling MeEE)
  3152 | D:3      | Killed yegreS's ghost
  3257 | D:4      | Learned a level 3 spell: Stone Arrow
  3270 | D:4      | Noticed Eustachio
  3326 | D:4      | Noticed Natasha
  3366 | D:4      | Noticed Pikel
  3366 | D:4      | Noticed a lemure
  3366 | D:4      | Noticed a lemure
  3366 | D:4      | Noticed a lemure
  3366 | D:4      | Noticed a lemure
  3367 | D:4      | Paralysed by Pikel for 4 turns
  3387 | D:3      | Paralysed by Pikel for 2 turns
  3390 | D:3      | Paralysed by Pikel for 3 turns
  3396 | D:3      | Paralysed by Pikel for 5 turns
  3401 | D:3      | Slain by Pikel

Illustrated notes

Levels and vault maps discovered:
D:1:      lightli_arrival_maybe_door_vault, layout_basic, skrybe_limestone_x,
          feat_on_display
D:2:      layout_basic, basic_altar, basic_ecumenical_altar,
          uniq_crazy_yiuf_cottage
D:3:      layout_rooms, ebering_ghost_sewer_d
D:4:      layout_basic, uniq_pikel, uniq_eustachio, uniq_natasha

Skill      XL: |  1  2  3  4 |
---------------+-------------+-----
Fighting       | 1 2 |  2.2
Earth Magic    | 3 |  3.5
Spellcasting   | 3 |  3.0
Dodging        | |  1.7
Stealth        | |  1.7
Conjurations   | |  0.1
Transmutations | |  0.8

Action                   |  1- 3 |  4- 6 || total
-------------------------+-------+-------++-------
Melee: Dagger            |    21 |    13 ||    34
 Cast: Sandblast         |    68 |    23 ||    91
       Stone Arrow       |       |     1 ||     1
  Use: Scroll            |       |     5 ||     5
       Potion            |       |     1 ||     1
 Stab: Sleeping          |       |     1 ||     1
Armor: Robe              |    11 |    12 ||    23
Dodge: Dodged            |    46 |    14 ||    60
